 Seeded DCSS version 0.29.0-7-g18a832c13a (webtiles) character file.

Game seed: 1 (custom seed)

58 Kazon the Covered (level 3, -5/31 HPs)
             Began as a Demigod Fighter on Aug 30, 2022.
             Slain by a gnoll
             ... wielding a +0 halberd
              (9 damage)
             ... on level 2 of the Dungeon.
             The game lasted 00:05:45 (1501 turns).

Kazon the Covered (Demigod Fighter)                 Turns: 1501, Time: 00:05:45

Health: -5/31      AC: 11    Str: 17    XL:     3   Next: 51%
Magic:  5/5        EV:  9    Int: 10    God:
Gold:   167        SH:  4    Dex: 13    Spells: 2/2 levels left

rFire   . . .      SeeInvis .   e - +2 dagger (venom)
rCold   + . .      Faith    .   c - +0 buckler
rNeg    . . .      Spirit   .   b - +0 scale mail
rPois   +          Reflect  .   m - +0 helmet
rElec   +          Harm     .   (no cloak)
rCorr   .          Rampage  .   (no gloves)
Will    .....                   n - +2 pair of boots
Stlth   ..........              f - amulet of regeneration
HPRegen 0.90/turn               q - ring of Untruth {rElec rPois rC+ Str-4}
MPRegen 0.09/turn               (no ring)

@: no status effects
A: high MP 1, forlorn, divine attributes
a: no special abilities


You were on level 2 of the Dungeon.
You visited 1 branch of the dungeon, and saw 3 of its levels.

You collected 167 gold pieces.

Inventory:

Hand Weapons
 a - a +0 long sword
 e - a +2 dagger of venom (weapon)
Missiles
 k - 6 stones (quivered)
 l - 7 poisoned darts
 r - 3 boomerangs
Armour
 b - a +0 scale mail (worn)
 c - a +0 buckler (worn)
 m - a +0 helmet (worn)
 n - a +2 pair of boots (worn)
Jewellery
 f - an amulet of regeneration (around neck)
 q - the ring of Untruth (left hand) {rElec rPois rC+ Str-4}
   (You acquired it on level 1 of the Dungeon)

   [ring of poison resistance]

   Str:       It affects your strength (-4).
   rC:        It protects you from cold.
   rElec:     It insulates you from electricity.
   rPois:     It protects you from poison.
Scrolls
 j - a scroll of identify {unknown}
 p - a scroll of immolation {unknown}
Potions
 d - a potion of might
 g - a potion of haste {unknown}
 h - a potion of flight {unknown}
 i - a potion of attraction {unknown}
 o - a potion of berserk rage {unknown}


   Skills:
 * Level 3.0 Fighting
 + Level 2.3 Long Blades
 * Level 0.2 Throwing
 + Level 3.2 Armour
 + Level 0.2 Dodging
 + Level 0.1 Stealth
 + Level 3.1 Shields


You had 2 spell levels left.
You didn't know any spells.
Your spell library contained the following spells:

 Spells                   Type           Power      Damage    Failure   Level
 Apportation              Tloc           0%         N/A       86%         1
 Necrotise                Necr           0%         1d4       86%         1
 Sting                    Tmut/Pois      0%         1d3       86%         1
 Summon Small Mammal      Summ           0%         N/A       86%         1
 Poisonous Vapours        Pois/Air       0%         N/A       94%         2
 Olgreb's Toxic Radiance  Pois           0%         N/A       100%        4


Dungeon Overview and Level Annotations

Branches:
Dungeon (3/15)

Shops:
D:3 (


Innate Abilities, Weirdness & Mutations

You have an increased reservoir of magic. (+10% MP)
You shall have no god before yourself.
Your divine heritage dramatically boosts your attributes as you level up.


Message History

The gnoll is lightly wounded.
The gnoll hits you from afar with a +0 halberd.
The gnoll hits you with a +0 whip.
You barely miss the gnoll.
The gnoll is lightly wounded.
The gnoll hits you from afar with a +0 halberd!
The gnoll closely misses you.
You hit the gnoll but do no damage.
The gnoll is poisoned.
The gnoll is lightly wounded.
The gnoll barely misses you. The gnoll hits you but does no damage.
You hit the gnoll.
The gnoll looks as sick as possible!
The gnoll is moderately wounded.
The gnoll hits you with a +0 whip.
The gnoll hits you from afar with a +0 halberd.
You hit the gnoll.
The gnoll is heavily wounded.
The gnoll hits you but does no damage. The gnoll closely misses you.
You hit the gnoll.
The gnoll looks as sick as possible!
The gnoll is almost dead.
You kill the gnoll!
The gnoll hits you from afar with a +0 halberd.
The gnoll hits you from afar with a +0 spear!
* * * LOW HITPOINT WARNING * * *
The gnoll hits you but does no damage.
Things that are here:
a +0 whip; a gnoll corpse You hit the gnoll.
The gnoll is poisoned.
The gnoll is moderately wounded.
The gnoll hits you from afar with a +0 spear.
* * * LOW HITPOINT WARNING * * *
You block the gnoll's attack.
You hit the gnoll.
The gnoll is severely wounded.
The gnoll hits you from afar with a +0 spear.
* * * LOW HITPOINT WARNING * * *
The gnoll closely misses you.
You closely miss the gnoll.
The gnoll is severely wounded.
You block the gnoll's attack. The gnoll hits you with a +0 halberd!
You die...

..###..# #.# #.#
.##.#..###### #.# #.###
............####.# #....
###..............# #...#
###..####.###############
###.#
#..####................
#.#
#................#####
#.# #..#############.##
#.# ##.# #....@gg...# #>#
#.# #.#######..# #.# #.#
# #..# #.# #..# #.# #...
######.# #...g .......#
.....g ######## #......
........


You could see 2 gnolls.

Vanquished Creatures
  A gnoll (D:2)
  An adder (D:2)
  A worm (D:2)
  6 endoplasms
  A giant cockroach (D:1)
  6 goblins
  4 hobgoblins
  3 kobolds
  A quokka (D:1)
  2 ball pythons (D:2)
  2 bats
  2 frilled lizards (D:2)
  3 rats (D:1)
33 creatures vanquished.

Notes
Turn   | Place    | Note
-------+----------+-------------------------------------------
     0 | D:1      | Kazon the Demigod Fighter began the quest for the Orb.
     0 | D:1      | Reached XP level 1. HP: 18/18 MP: 3/3
    43 | D:1      | Identified a scroll of acquirement
    43 | D:1      | Acquired the ring of Untruth {rElec rPois rC+ Str-4}
   333 | D:1      | Reached XP level 2. HP: 25/25 MP: 4/4
  1005 | D:3      | Found Umat's Antique Weapon Boutique.
  1214 | D:2      | Reached XP level 3. HP: 15/30 MP: 5/5
  1501 | D:2      | Slain by a gnoll

Illustrated notes

Levels and vault maps discovered:
D:1:      dpeg_arrival_three_smaller_balls, layout_basic
D:2:      layout_loops_ring
D:3:      layout_basic, serial_shops, nicolae_shop_stone, st_stairs_7

Skill      XL: |  1  2  3 |
---------------+----------+-----
Shields        | 3 |  3.1
Long Blades    | 2 |  2.3
Armour         | 3 |  3.2
Fighting       | 3 |  3.0
Throwing       | |  0.2
Dodging        | |  0.2
Stealth        | |  0.1

Action                   || total
-------------------------++-------
Melee: Long sword        ||    94
       Dagger            ||    12
Throw: Stone             ||     6
  Use: Scroll            ||     1
Armor: Scale mail        ||    53
Dodge: Dodged            ||    55
Block: Buckler           ||    29
